 Dungeon Crawl Stone Soup version 0.29-a0-378-gc08b2e8bf8 (webtiles) character file.

Game seed: 6160793467683882381

1320 IndexError the Chiller (level 8, -3/58 HPs)
             Began as a Gnoll Ice Elementalist on May 5, 2022.
             Slain by Maggie
             ... wielding a +1 war axe of pain
              (4 damage)
             ... on level 6 of the Dungeon.
             The game lasted 00:08:36 (5217 turns).

IndexError the Chiller (Gnoll Ice Elementalist)     Turns: 5217, Time: 00:08:36

Health: -3/58      AC: 11    Str:  7    XL:     8   Next: 59%
Magic:  11/17      EV: 14    Int: 21    God:
Gold:   348        SH:  0    Dex: 12    Spells: 12/19 levels left

rFire   . . .      SeeInvis .   l - +9 hunting sling "Addog" {speed, Will++ rCorr Int+3}
rCold   . . .      Faith    .   (no shield)
rNeg    . . .      Spirit   .   a - +0 robe
rPois   .          Reflect  .   (no helmet)
rElec   .          Harm     .   (no cloak)
rCorr   +          Rampage  .   (no gloves)
Will    ++...                   j - +0 pair of boots
Stlth   +++.......              (no amulet)
HPRegen 0.19/turn               (no ring)
MPRegen 0.15/turn               (no ring)

@: ice-armoured, freezing walls
A: fangs 1, strong nose, distributed training
a: no special abilities


You were on level 6 of the Dungeon.
You visited 2 branches of the dungeon, and saw 7 of its levels.

You collected 348 gold pieces.

Inventory:

Hand Weapons
 l - the +9 hunting sling "Addog" (weapon) {speed, Will++ rCorr Int+3}
   (You found it on level 2 of the Dungeon)

   Attacks with this weapon are significantly faster.
   Int:       It affects your intelligence (+3).
   rCorr:     It protects you from acid and corrosion.
   Will:      It greatly increases your willpower.
Missiles
 B - 3 curare-tipped darts
Armour
 a - a +0 robe (worn)
 d - a +0 leather armour
   (You took it off an orc on level 6 of the Dungeon)
 j - a +0 pair of boots (worn)
   (You found it on level 1 of the Dungeon)
 k - a +0 leather armour
   (You took it off an orc on level 6 of the Dungeon)
 n - a +0 robe
   (You took it off a kobold on level 2 of the Dungeon)
 o - a +0 robe
   (You found it on level 2 of the Dungeon)
 r - a +0 robe
   (You found it on level 3 of the Dungeon)
 t - a +0 hat
   (You found it on level 3 of the Dungeon)
 u - a +1 robe of willpower
   (You found it on level 3 of the Dungeon)
 w - a +0 ring mail
   (You found it on level 4 of the Dungeon)
 y - a +0 robe
   (You found it on level 4 of the Dungeon)
 A - a +0 robe
   (You took it off an orc wizard on level 4 of the Dungeon)
 C - a +0 leather armour
   (You took it off an orc on level 5 of the Dungeon)
 D - a +0 robe
   (You took it off an orc wizard on level 5 of the Dungeon)
 E - a +0 robe
   (You took it off an orc wizard on level 5 of the Dungeon)
 F - a +0 leather armour
   (You took it off an orc on level 5 of the Dungeon)
 I - a +0 robe
   (You took it off Sigmund on level 5 of the Dungeon)
Jewellery
 G - a +4 ring of slaying
   (You found it on level 5 of the Dungeon)
Wands
 v - a wand of iceblast (30)
   (You found it on level 4 of the Dungeon)
Scrolls
 c - a scroll of fear
 h - 3 scrolls of noise {!r}
 m - a scroll of enchant weapon
 s - 2 scrolls of teleportation
 z - 2 scrolls of identify
Potions
 b - a potion of magic
 e - 4 potions of haste {unknown}
 f - 3 potions of heal wounds {unknown}
 g - 2 potions of curing {unknown}
 i - a potion of mutation {!q}
 q - 2 potions of attraction {unknown}


   Skills:
 + Level 3.4 Fighting
 + Level 3.4 Short Blades
 + Level 3.4 Long Blades
 + Level 3.4 Axes
 + Level 3.4 Maces & Flails
 + Level 3.4 Polearms
 + Level 3.4 Staves
 + Level 3.4 Slings
 + Level 3.4 Bows
 + Level 3.4 Crossbows
 + Level 3.4 Throwing
 + Level 3.4 Armour
 + Level 5.8 Dodging
 + Level 5.4 Stealth
 + Level 3.4 Shields
 + Level 3.4 Unarmed Combat
 + Level 6.1 Spellcasting
 + Level 2.8 Conjurations
 + Level 2.8 Hexes
 + Level 2.8 Summonings
 + Level 2.8 Necromancy
 + Level 2.8 Translocations
 + Level 2.8 Transmutations
 + Level 2.8 Fire Magic
 + Level 7.7 Ice Magic
 + Level 2.8 Air Magic
 + Level 2.8 Earth Magic
 + Level 2.8 Poison Magic
 + Level 3.7 Invocations
 + Level 3.4 Evocations


You had 12 spell levels left.
You knew the following spells:

 Your Spells              Type           Power      Damage    Failure   Level
a - Freeze                Ice            100%       1d11      1%          1
b - Frozen Ramparts       Ice            76%        1d9       1%          3
A - Ozocubu's Armour      Ice            38%        N/A       1%          3

Your spell library contained the following spells:

 Spells                   Type           Power      Damage    Failure   Level
 Static Discharge         Conj/Air       18%        N/A       4%          2
 Sublimation of Blood     Necr           18%        N/A       4%          2
 Wereblood                Tmut           18%        N/A       4%          2
 Gell's Gravitas          Tloc           18%        N/A       9%          3
 Inner Flame              Hex/Fire       18%        N/A       9%          3
 Lesser Beckoning         Tloc           18%        N/A       9%          3
 Teleport Other           Tloc           18%        N/A       9%          3
 Hailstorm                Conj/Ice       28%        3d8       11%         4
 Cause Fear               Hex            9%         N/A       30%         4
 Dispel Undead            Necr           18%        3d11      30%         4
 Sticky Flame             Conj/Fire      18%        2d4       30%         4
 Summon Hydra             Summ           9%         N/A       100%        7
 Discord                  Hex            9%         N/A       100%        8


Dungeon Overview and Level Annotations

Branches:
Dungeon (6/15)             Temple (1/1) D:6

Altars:
Cheibriados
Dithmenos
Fedhas
Gozag
Kikubaaqudgha
Makhleb
Nemelex Xobeh
Okawaru
Ru
Sif Muna
Trog
Wu Jian
Xom
Yredelemnul
The Shining One

Shops:
D:1 !

Annotations:
D:6 Maggie


Innate Abilities, Weirdness & Mutations

You have very sharp teeth.
Your uncanny sense of smell can sniff out nearby items.
Your experience applies equally to all skills.


Message History

Fire: l) +9 hunting sling "Addog" {speed, Will++ rCorr Int+3}
Press: ? - help, Q - select action Shift-Dir - straight line, f/p - scorpion
Aim: a scorpion (moderately wounded, 67% to hit)
You shoot a sling bullet.
The sling bullet hits the scorpion but does no damage.
You feel sick.
The scorpion stings you but does no damage.
You take 2 damage, and have 26/58 hp.
Fire: l) +9 hunting sling "Addog" {speed, Will++ rCorr Int+3}
Press: ? - help, Q - select action Shift-Dir - straight line, f/p - scorpion
Aim: a scorpion (moderately wounded, 67% to hit)
You shoot a sling bullet. The sling bullet hits the scorpion!
You feel sick.
The scorpion stings you but does no damage.
You take 1 damage, and have 25/58 hp.
Fire: l) +9 hunting sling "Addog" {speed, Will++ rCorr Int+3}
Press: ? - help, Q - select action Shift-Dir - straight line, f/p - scorpion
Aim: a scorpion (severely wounded, 67% to hit)
You shoot a sling bullet.
The sling bullet closely misses the scorpion.
You feel sick. The scorpion barely misses you.
Maggie gestures wildly while chanting.
Maggie attempts to bespell you! You resist with almost no effort.
You take 1 damage, and have 24/58 hp.
Fire: l) +9 hunting sling "Addog" {speed, Will++ rCorr Int+3}
Press: ? - help, Q - select action Shift-Dir - straight line, f/p - scorpion
Aim: a scorpion (severely wounded, 67% to hit)
You shoot a sling bullet.
The sling bullet barely misses the scorpion.
You feel sick.
The scorpion stings you but does no damage. x2
You take 1 damage, and have 23/58 hp.
Fire: l) +9 hunting sling "Addog" {speed, Will++ rCorr Int+3}
Press: ? - help, Q - select action Shift-Dir - straight line, f/p - scorpion
Aim: a scorpion (severely wounded, 67% to hit)
You shoot a sling bullet. The sling bullet hits the scorpion!
You feel sick.
You take 1 damage, and have 22/58 hp.
Your icy armour will break if you move.
Continue? [Y]es or [N]o only, please.
Your icy armour will break if you move.
Continue?
Your icy armour cracks and falls away as you move.
You feel sick.
You see here a scorpion corpse.
You take 1 damage, and have 21/58 hp.
You feel sick.
You take 1 damage, and have 20/58 hp.
You feel sick.
You are no longer poisoned.
Maggie barely misses you.
Maggie says, "Did Master Lance send you?"
There is a staircase to the Ecumenical Temple here.
Okay, then.
Maggie attacks as you move away! Maggie misses you.
MP restored: 17 Maggie attacks as you move away!
Maggie misses you.
You hear the quick hiss of a very distant avalanche of sand.
Maggie attacks as you move away!
Maggie hits you with a +1 war axe of pain!
* * * LOW HITPOINT WARNING * * *
Things that are here:
a +0 club; a +0 giant club; an orc skeleton You take 12 damage, and have 10/58 hp.
MASSIVE DAMAGE!!
Maggie attacks as you move away! Maggie barely misses you.
Okay, then.
Casting: Ozocubu's Armour (safe; 1% risk of failure)
Confirm with . or Enter, or press ? or * to list all spells.
A film of ice covers your body!
Maggie gestures wildly while chanting.
Maggie attempts to bespell you! You resist with almost no effort.
You now have 14/17 mp.
Casting: Ozocubu's Armour (safe; 1% risk of failure)
Confirm with . or Enter, or press ? or * to list all spells.
Casting: Frozen Ramparts (safe; 1% risk of failure)
Press: ? - help, Dir - look around, f - activate The walls around you are covered in ice.
The wall freezes Maggie.
Maggie casts a spell.
Maggie attempts to bespell you! You resist with almost no effort.
You now have 11/17 mp.
Fire: l) +9 hunting sling "Addog" {speed, Will++ rCorr Int+3}
Press: ? - help, Q - select action Shift-Dir - straight line, f - Maggie
Aim: Maggie, wielding a +1 war axe of pain and wearing +0 acid dragon scales (lightly wounded, 67% to hit)
You shoot a sling bullet. The sling bullet hits Maggie.
The wall freezes Maggie!
Maggie barely misses you.
Fire: l) +9 hunting sling "Addog" {speed, Will++ rCorr Int+3}
Press: ? - help, Q - select action Shift-Dir - straight line, f/p - Maggie
Aim: Maggie, wielding a +1 war axe of pain and wearing +0 acid dragon scales (moderately wounded, 67% to hit)
You shoot a sling bullet. The sling bullet hits Maggie.
The wall freezes Maggie.
Maggie hits you with a +1 war axe of pain!
* * * LOW HITPOINT WARNING * * *
You take 10 damage, and have 1/58 hp.
Fire: l) +9 hunting sling "Addog" {speed, Will++ rCorr Int+3}
Press: ? - help, Q - select action Shift-Dir - straight line, f/p - Maggie
Aim: Maggie, wielding a +1 war axe of pain and wearing +0 acid dragon scales (moderately wounded, 67% to hit)
You shoot a sling bullet. The sling bullet barely misses Maggie.
The wall freezes Maggie.
Maggie hits you with a +1 war axe of pain.
You die...

..........########...............
.............. ....#.#.#.#.#....
..........### #.............##
..........# ###..#.......#...#
..........# #................#.
######.######...##.#...>...#.....
#..###...# #...........###.
###......# ####.#...)...#.#
#......### #.@@..........†#
#........###.#..#.#.#.#.#.#
#.....##...#.#...$).......#
#.....####...#....###.†..!..
###.### ##..####.##......... #.
##.# #.#........... #. #.#
#............. #.# ###........)..
#.# ###...........


You could see Maggie.

Vanquished Creatures
  Sigmund (D:5)
  A sky beast (D:6)
  A black bear (D:5)
  An ice beast (D:6)
  2 ogres
  A necrophage (D:5)
  2 scorpions
  A howler monkey (D:5)
  A jelly (D:4)
  An orc priest (D:6)
  3 hounds
  3 iguanas
  3 orc wizards
  7 adders
  A shadow imp (D:5)
  A white imp (D:5)
  4 worms
  3 dart slugs
  14 orcs
  9 endoplasms
  3 giant cockroaches
  4 goblins
  10 hobgoblins
  2 jackals (D:5)
  2 quokkas (D:3)
  14 ball pythons
  6 bats
  5 frilled lizards
  6 kobolds
  8 rats
120 creatures vanquished.

Notes
Turn   | Place    | Note
-------+----------+-------------------------------------------
     0 | D:1      | IndexError the Gnoll Ice Elementalist began the quest for
                  | the Orb.
     0 | D:1      | Reached XP level 1. HP: 13/13 MP: 6/6
   193 | D:1      | Reached XP level 2. HP: 15/19 MP: 2/7
   427 | D:1      | Found a faded altar of an unknown god.
   701 | D:1      | Found Woxiuq's Distillery.
   874 | D:2      | Reached skill level 5 in Spellcasting
   874 | D:2      | Reached XP level 3. HP: 8/25 MP: 1/9
  1079 | D:1      | Learned a level 3 spell: Frozen Ramparts
  1083 | D:1      | Learned a level 3 spell: Ozocubu's Armour
  1360 | D:2      | Reached skill level 1 in Invocations
  1366 | D:2      | Identified the +9 hunting sling "Addog" {speed, Will++
                  | rCorr Int+3}
  1515 | D:2      | Reached skill level 1 in Fighting
  1515 | D:2      | Reached skill level 1 in Short Blades
  1515 | D:2      | Reached skill level 1 in Long Blades
  1515 | D:2      | Reached skill level 1 in Axes
  1515 | D:2      | Reached skill level 1 in Maces & Flails
  1515 | D:2      | Reached skill level 1 in Polearms
  1515 | D:2      | Reached skill level 1 in Staves
  1515 | D:2      | Reached skill level 1 in Slings
  1515 | D:2      | Reached skill level 1 in Bows
  1515 | D:2      | Reached skill level 1 in Crossbows
  1515 | D:2      | Reached skill level 1 in Throwing
  1515 | D:2      | Reached skill level 1 in Armour
  1515 | D:2      | Reached skill level 1 in Shields
  1515 | D:2      | Reached skill level 1 in Unarmed Combat
  1515 | D:2      | Reached skill level 1 in Evocations
  1544 | D:2      | Reached XP level 4. HP: 32/32 MP: 11/11
  2113 | D:3      | Reached skill level 1 in Conjurations
  2113 | D:3      | Reached skill level 1 in Hexes
  2113 | D:3      | Reached skill level 1 in Summonings
  2113 | D:3      | Reached skill level 1 in Necromancy
  2113 | D:3      | Reached skill level 1 in Translocations
  2113 | D:3      | Reached skill level 1 in Transmutations
  2113 | D:3      | Reached skill level 1 in Fire Magic
  2113 | D:3      | Reached skill level 1 in Air Magic
  2113 | D:3      | Reached skill level 1 in Earth Magic
  2113 | D:3      | Reached skill level 1 in Poison Magic
  2204 | D:3      | Reached XP level 5. HP: 37/37 MP: 12/12
  2925 | D:4      | Reached XP level 6. HP: 38/44 MP: 13/13
  2941 | D:4      | Reached skill level 2 in Invocations
  3459 | D:5      | Entered Level 5 of the Dungeon
  3493 | D:5      | Noticed a black bear
  3500 | D:5      | Killed a black bear
  3501 | D:5      | Reached skill level 2 in Fighting
  3501 | D:5      | Reached skill level 2 in Short Blades
  3501 | D:5      | Reached skill level 2 in Long Blades
  3501 | D:5      | Reached skill level 2 in Axes
  3501 | D:5      | Reached skill level 2 in Maces & Flails
  3501 | D:5      | Reached skill level 2 in Polearms
  3501 | D:5      | Reached skill level 2 in Staves
  3501 | D:5      | Reached skill level 2 in Slings
  3501 | D:5      | Reached skill level 2 in Bows
  3501 | D:5      | Reached skill level 2 in Crossbows
  3501 | D:5      | Reached skill level 2 in Throwing
  3501 | D:5      | Reached skill level 2 in Armour
  3501 | D:5      | Reached skill level 5 in Dodging
  3501 | D:5      | Reached skill level 2 in Shields
  3501 | D:5      | Reached skill level 2 in Unarmed Combat
  3501 | D:5      | Reached skill level 2 in Evocations
  3760 | D:5      | Reached XP level 7. HP: 42/50 MP: 11/15
  4020 | D:5      | Reached skill level 2 in Conjurations
  4020 | D:5      | Reached skill level 2 in Hexes
  4020 | D:5      | Reached skill level 2 in Summonings
  4020 | D:5      | Reached skill level 2 in Necromancy
  4020 | D:5      | Reached skill level 2 in Translocations
  4020 | D:5      | Reached skill level 2 in Transmutations
  4020 | D:5      | Reached skill level 2 in Fire Magic
  4020 | D:5      | Reached skill level 2 in Air Magic
  4020 | D:5      | Reached skill level 2 in Earth Magic
  4020 | D:5      | Reached skill level 2 in Poison Magic
  4266 | D:5      | Reached skill level 5 in Stealth
  4295 | D:5      | Reached skill level 3 in Invocations
  4426 | D:5      | Noticed Sigmund
  4430 | D:5      | Killed Sigmund
  4431 | D:5      | Reached XP level 8. HP: 53/57 MP: 16/16
  4578 | D:6      | Noticed Maggie
  4710 | D:6      | Reached skill level 3 in Fighting
  4710 | D:6      | Reached skill level 3 in Short Blades
  4710 | D:6      | Reached skill level 3 in Long Blades
  4710 | D:6      | Reached skill level 3 in Axes
  4710 | D:6      | Reached skill level 3 in Maces & Flails
  4710 | D:6      | Reached skill level 3 in Polearms
  4710 | D:6      | Reached skill level 3 in Staves
  4710 | D:6      | Reached skill level 3 in Slings
  4710 | D:6      | Reached skill level 3 in Bows
  4710 | D:6      | Reached skill level 3 in Crossbows
  4710 | D:6      | Reached skill level 3 in Throwing
  4710 | D:6      | Reached skill level 3 in Armour
  4710 | D:6      | Reached skill level 3 in Shields
  4710 | D:6      | Reached skill level 3 in Unarmed Combat
  4710 | D:6      | Reached skill level 3 in Evocations
  4767 | D:6      | Found a staircase to the Ecumenical Temple.
  4778 | D:6      | HP: 11/58 [something (6)]
  4794 | D:6      | Reached skill level 6 in Spellcasting
  4810 | Temple   | Entered the Ecumenical Temple
  5211 | D:6      | HP: 10/58 [Maggie/+1 war axe of pain (12)]
  5216 | D:6      | HP: 1/58 [Maggie/+1 war axe of pain (10)]
  5217 | D:6      | Slain by Maggie

Illustrated notes

Levels and vault maps discovered:
D:1:      heliophobic_arrival_ceremonial_halls, layout_basic, serial_shops,
          nicolae_lakefront_shop, ebering_ecumenical_altar_mist
D:2:      layout_rooms, minmay_between
D:3:      layout_basic
D:4:      layout_basic, minmay_close_crescents
D:5:      layout_basic, uniq_sigmund
D:6:      layout_rooms, ashenzari_altar_1, minmay_temple_entry_glass,
          nicolae_ossuary_entry_plus, kennysheep_generic_room_8, uniq_maggie
Temple:   regret_index_temple_waves

Skill      XL: |  1  2  3  4  5  6  7  8 |
---------------+-------------------------+-----
Spellcasting   | 5 6 |  6.1
Invocations    | 1 2 3 |  3.7
Fighting       | 1 2 3 |  3.4
Short Blades   | 1 2 3 |  3.4
Long Blades    | 1 2 3 |  3.4
Axes           | 1 2 3 |  3.4
Maces & Flails | 1 2 3 |  3.4
Polearms       | 1 2 3 |  3.4
Staves         | 1 2 3 |  3.4
Slings         | 1 2 3 |  3.4
Bows           | 1 2 3 |  3.4
Crossbows      | 1 2 3 |  3.4
Throwing       | 1 2 3 |  3.4
Armour         | 1 2 3 |  3.4
Shields        | 1 2 3 |  3.4
Unarmed Combat | 1 2 3 |  3.4
Evocations     | 1 2 3 |  3.4
Conjurations   | 1 2 |  2.8
Hexes          | 1 2 |  2.8
Summonings     | 1 2 |  2.8
Necromancy     | 1 2 |  2.8
Translocations | 1 2 |  2.8
Transmutations | 1 2 |  2.8
Fire Magic     | 1 2 |  2.8
Air Magic      | 1 2 |  2.8
Earth Magic    | 1 2 |  2.8
Poison Magic   | 1 2 |  2.8
Dodging        | 5 |  5.8
Stealth        | 5 |  5.4
Ice Magic      | |  7.7

Action                   |  1- 3 |  4- 6 |  7- 9 || total
-------------------------+-------+-------+-------++-------
Melee: Unarmed           |     2 |       |       ||     2
       Dagger            |    28 |       |       ||    28
       Bite              |     1 |       |       ||     1
 Fire: Hunting sling     |    11 |   110 |    84 ||   205
 Cast: Freeze            |    42 |       |       ||    42
       Frozen Ramparts   |       |     3 |     6 ||     9
       Ozocubu's Armour  |       |     2 |     7 ||     9
  Use: Scroll            |       |       |    10 ||    10
 Stab: Sleeping          |     3 |       |       ||     3
Armor: Robe              |    12 |    10 |     9 ||    31
Dodge: Dodged            |    35 |    19 |    14 ||    68

Table legend: (Time is in decaauts)
 A = Elapsed time spent in this place.
 B = Non-inter-level travel time spent in this place.
 C = Inter-level travel time spent in this place.
 D = Time resting spent in this place.
 E = Time spent auto-exploring this place.
 F = Levels seen in this place.
 G = Mean time per level.
                   A        B        C        D        E       F      G
               +--------+--------+--------+--------+--------+-----+--------+
         Total |   5210 |   4636 |    574 |     42 |   3886 |   7 |  744.3 |
       Dungeon |   4859 |   4340 |    519 |     42 |   3605 |   6 |  809.8 |
        Temple |    350 |    295 |     55 |      0 |    281 |   1 |  350.0 |
               +--------+--------+--------+--------+--------+-----+--------+

Top non-repeatable levels by time:
     D:1: 1204 daAuts
     D:5: 1140 daAuts
     D:4: 903 daAuts
     D:3: 785 daAuts
     D:2: 641 daAuts
  Temple: 350 daAuts
     D:6: 184 daAuts

Table legend:
 A = Kills in this place as a percentage of kills in entire the game.
 B = Kills by you in this place as a percentage of kills by you in the entire game.
 C = Kills by friends in this place as a percentage of kills by friends in the entire game.
 D = Other kills in this place as a percentage of other kills in the entire game.
 E = Experience gained in this place as a percentage of experience gained in the entire game.
 F = Experience gained in this place divided by the number of levels of this place that you have seen.
                   A       B       C       D       E      F
               +-------+-------+-------+-------+-------+----------------------
         Total | 100.0 | 100.0 |   N/A |   N/A | 100.0 | 269.6
       Dungeon | 100.0 | 100.0 |   N/A |   N/A | 100.0 | 314.5
               +-------+-------+-------+-------+-------+----------------------
